 Dungeon Crawl Stone Soup version 0.28-a0-1190-g77e1c55843 (webtiles) character file.

Game seed: 1107043086505475573

4661 Cancer the Destroyer (level 10, -6/53 HPs)
             Began as a Gargoyle Conjurer on Dec 18, 2021.
             Was a Believer of Vehumet.
             Mangled by an orc warrior (14 damage)
             ... on level 7 of the Dungeon.
             The game lasted 00:24:02 (12754 turns).

Cancer the Destroyer (Gargoyle Conjurer)           Turns: 12754, Time: 00:24:03

Health: -6/53      AC: 14    Str: 13    XL:     10   Next: 43%
Magic:  18/23      EV: 11    Int: 27    God:    Vehumet [**....]
Gold:   600        SH:  0    Dex:  3    Spells: 25/28 levels left

rFire   . . .      SeeInvis .   G - +1 flail of Uneyblei {holy, Str+2}
rCold   . . .      Faith    .   (no shield)
rNeg    + . .      Spirit   .   a - +0 robe
rPois   ∞          Reflect  .   J - +0 helmet "Naetraxi" {rPois Regen+ Int+4 Dex-5}
rElec   +          Harm     .   x - +2 cloak
rCorr   .          Rampage  .   g - +0 pair of gloves
Will    .....                   (no boots)
Stlth   +.........              (no amulet)
HPRegen 0.97/turn               (no ring)
MPRegen 0.18/turn               (no ring)

@: no status effects
A: sickness immunity, AC +7, negative energy resistance 1, electricity
resistance, torment resistance 1, petrification resistance
a: Renounce Religion


You were on level 7 of the Dungeon.
You worshipped Vehumet.
Vehumet was pleased with you.
You visited 2 branches of the dungeon, and saw 10 of its levels.
You also visited: Sewer.

You collected 600 gold pieces.

Inventory:

Hand Weapons
 G - the +1 flail of Uneyblei (weapon) {holy, Str+2}
   (You found it on level 7 of the Dungeon)

   It has been blessed by the Shining One to cause great damage to the undead
   and demons.
   Str:       It affects your strength (+2).
Armour
 a - a +0 robe (worn)
 e - a +0 kite shield
 g - a +0 pair of gloves (worn)
 u - a +0 helmet
 x - a +2 cloak (worn)
 H - a +3 chain mail
 J - the +0 helmet "Naetraxi" (worn) {rPois Regen+ Int+4 Dex-5}
   (You found it on level 8 of the Dungeon)

   Int:       It affects your intelligence (+4).
   Dex:       It affects your dexterity (-5).
   rPois:     It protects you from poison.
   Regen:     It increases your rate of health regeneration.
Magical Staves
 v - a staff of air
Jewellery
 C - an amulet of guardian spirit
Wands
 w - a wand of charming (5)
 y - a wand of iceblast (22)
 B - a wand of digging (6)
 I - a wand of flame (33)
Scrolls
 b - 3 scrolls of fear {unknown}
 h - 3 scrolls of teleportation {unknown}
 i - 10 scrolls of identify {unknown}
 n - a scroll of immolation {unknown}
 p - a scroll of holy word {unknown}
 A - a scroll of torment {unknown}
 D - 2 scrolls of amnesia {unknown}
 E - a scroll of enchant armour {unknown}
 L - a scroll of enchant weapon {unknown}
Potions
 c - a potion of degeneration {unknown}
 d - 6 potions of curing {unknown}
 f - 2 potions of heal wounds {unknown}
 j - 4 potions of mutation {unknown}
 k - a potion of might {unknown}
 l - 4 potions of cancellation {unknown}
 m - 2 potions of resistance {unknown}
 o - 7 potions of haste {unknown}
 q - 2 potions of invisibility {unknown}
 r - a potion of experience {unknown}
 s - 2 potions of magic {unknown}
 t - 4 potions of attraction {unknown}
 z - 2 potions of berserk rage {unknown}
 F - 2 potions of lignification {unknown}
 K - a potion of ambrosia {unknown}
 M - a potion of flight {unknown}


   Skills:
 - Level 2.0 Fighting
 - Level 2.0 Armour
 - Level 2.0 Dodging
 - Level 2.1 Stealth
 + Level 9.7 Spellcasting
 + Level 12.1 Conjurations


You had 25 spell levels left.
You knew the following spells:

 Your Spells              Type           Power      Damage    Failure   Level
a - Magic Dart            Conj           100%       1d8       1%          1
b - Searing Ray           Conj           100%       2d8       1%          2

Your spell library contained the following spells:

 Spells                   Type           Power      Damage    Failure   Level
 Static Discharge         Conj/Air       45%        N/A       1%          2
 Dazzling Flash           Conj/Hex       90%        N/A       1%          3
 Fulminant Prism          Conj/Hex       22%        3d13      3%          4
 Iskenderun's Mystic Bla  Conj/Tloc      45%        2d10      3%          4
 Ensorcelled Hibernation  Hex/Ice        26%        N/A       7%          2
 Wereblood                Tmut           13%        N/A       7%          2
 Spider Form              Tmut/Pois      13%        N/A       13%         3
 Summon Hydra             Summ           6%         N/A       100%        7
 Sublimation of Blood     Necr           Unusable   N/A       N/A         2

Dungeon Overview and Level Annotations

Branches:
Dungeon (9/15)             Temple (1/1) D:4           Sewer (visited)
   Lair: D:8-11         Orc: D:9-12

Altars:
Ashenzari
Cheibriados
Dithmenos
Elyvilon
Fedhas
Gozag
Hepliaklqana
Kikubaaqudgha
Makhleb
Nemelex Xobeh
Okawaru
Qazlal
Ru
Sif Muna
Trog
Uskayaw
Vehumet
Wu Jian
Xom
Yredelemnul
Zin

Shops:
D:7 *

Annotations:
D:5 water
D:7 exclusion: oklob plant
D:8 2ogre


Innate Abilities, Weirdness & Mutations

You are immune to sickness and miasma.
Your stone body is resilient. (AC +7)
You are immune to poison.
You resist negative energy. (rN+)
You are resistant to electric shocks. (rElec)
You are resistant to unholy torment.
You are immune to petrification.


Message History

The hound is almost dead.
The hound completely misses you. Something hits you but does no damage.
The orc warrior hits you with a +0 battleaxe.
The hound bites you but does no damage. Something hits you but does no damage.
You miss the hound.
The hound is almost dead.
The hound bites you but does no damage. The orc warrior misses you.
Something hits you. The hound bites you but does no damage.
The orc warrior misses you.
You closely miss the hound.
The hound is almost dead.
The hound bites you but does no damage. Something hits you but does no damage.
The orc warrior hits you with a +0 battleaxe!
The hound bites you but does no damage. Something hits you.
The hound bites you.
The orc warrior hits you with a +0 battleaxe!
* * * LOW HITPOINT WARNING * * *
The hound bites you.
* * * LOW HITPOINT WARNING * * *
An orc wizard appears from thin air!
Reactivating autopickup.
The hound barely misses you. The hound misses you. The hound bites you.
* * * LOW HITPOINT WARNING * * *
The hound misses you.
There is a stone staircase leading up here.
The hound barely misses you.
The orc warrior hits you with a +0 battleaxe!
* * * LOW HITPOINT WARNING * * *
You climb upwards.
Level annotation: exclusion: oklob plant
There is a stone staircase leading down here.
You barely miss the hound.
The hound is almost dead.
The hound bites you but does no damage. The hound closely misses you.
The orc warrior closely misses you. The hound closely misses you.
You barely miss the hound.
The hound is almost dead.
The orc warrior hits you with a +0 battleaxe!
You die...

###### #####
.....######...# ###
..............#####.##
#..8...####....o@h.#.#
##.....# #########.##
.#..8..# #.# _'....##
#.# .#..8.# #.#
##....####### #.#
#..8........# ###.#
......#####.# #...#
>####.# #.# #.###


You could see an orc warrior and a hound.

Vanquished Creatures
  A kobold demonologist (D:9)
  Grinder (D:5)
  A hornet (D:9)
  A wyvern (D:5)
  A yak (D:4)
  3 water moccasins
  An orc warrior (D:8)
  4 ice beasts
  3 black bears
  A hornet zombie (D:8)
  3 centaurs
  2 phantoms
  A kobold brigand (Sewer)
  3 bullfrogs
  A scorpion (D:6)
  A wyvern skeleton (D:5)
  A water moccasin skeleton (D:5)
  5 killer bees (D:7)
  2 electric eels (D:8)
  A bullfrog zombie (D:7)
  6 centaur zombies
  4 hounds (D:5)
  9 jellies
  5 orc priests
  A scorpion zombie (D:4)
  An iguana (D:6)
  7 orc wizards
  2 hound zombies (D:4)
  A hound skeleton (D:5)
  3 howler monkey zombies
  4 gnolls (D:5)
  8 river rats
  10 adders
  A shadow imp (D:5)
  A white imp (D:6)
  An ufetubus (D:5)
  4 worms
  5 dart slugs
  29 orcs
  13 ball pythons
  22 endoplasms
  3 giant cockroaches
  6 goblins
  10 hobgoblins
  29 kobolds
  9 quokkas
  5 bats
  A frilled lizard (D:2)
  26 rats
263 creatures vanquished.

Vanquished Creatures (others)
  A fungus (D:7)
  14 plants (D:8)
15 creatures vanquished.

Grand Total: 278 creatures vanquished

Notes
Turn   | Place    | Note
-------+----------+-------------------------------------------
     0 | D:1      | Cancer the Gargoyle Conjurer began the quest for the Orb.
     0 | D:1      | Reached XP level 1. HP: 10/10 MP: 3/3
   215 | D:1      | Reached XP level 2. HP: 14/15 MP: 0/5
   706 | D:1      | Reached XP level 3. HP: 19/19 MP: 4/6
  1355 | D:1      | Learned a level 2 spell: Searing Ray
  1387 | D:2      | Reached skill level 5 in Conjurations
  1551 | D:2      | Found a broken altar of Ashenzari.
  2588 | D:3      | Reached XP level 4. HP: 21/24 MP: 3/8
  2743 | D:3      | Found a glowing drain.
  2752 | Sewer    | Entered a sewer
  3181 | Sewer    | Reached XP level 5. HP: 28/28 MP: 7/10
  3901 | Sewer    | Reached skill level 6 in Conjurations
  4054 | Sewer    | Noticed a kobold brigand
  4110 | Sewer    | Killed a kobold brigand
  4111 | Sewer    | Reached XP level 6. HP: 32/32 MP: 4/12
  5794 | D:4      | Found a basalt altar of Yredelemnul.
  5975 | D:4      | Reached skill level 1 in Fighting
  5975 | D:4      | Reached XP level 7. HP: 35/38 MP: 12/14
  6203 | D:4      | Noticed a yak
  6282 | D:4      | Killed a yak
  6283 | D:4      | Reached skill level 5 in Spellcasting
  6283 | D:4      | Reached skill level 7 in Conjurations
  6473 | D:4      | Found a sacrificial altar of Ru.
  6483 | D:4      | Found a staircase to the Ecumenical Temple.
  6491 | Temple   | Entered the Ecumenical Temple
  6552 | Temple   | Became a worshipper of Vehumet
  6637 | D:5      | Entered Level 5 of the Dungeon
  6787 | D:5      | Noticed a wyvern
  6801 | D:5      | Killed a wyvern
  6802 | D:5      | Reached XP level 8. HP: 11/44 MP: 4/16
  6804 | D:5      | Reached skill level 8 in Conjurations
  7318 | D:5      | Noticed Grinder
  7323 | D:5      | Paralysed by Grinder for 6 turns
  7333 | D:5      | Killed Grinder
  7691 | D:5      | Found a shimmering blue altar of Sif Muna.
  8004 | D:5      | Reached skill level 9 in Conjurations
  8443 | D:6      | Reached XP level 9. HP: 47/48 MP: 14/19
  8512 | D:6      | Reached * piety under Vehumet
  8512 | D:6      | Offered knowledge of Shock by Vehumet.
  8774 | D:6      | Reached skill level 10 in Conjurations
  9496 | D:7      | Identified the +1 flail of Uneyblei {holy, Str+2}
  9511 | D:7      | Reached skill level 1 in Armour
  9538 | D:7      | Found a bloodstained altar of Trog.
  9538 | D:7      | Found a blossoming altar of Fedhas.
  9544 | D:7      | Found Cepsun's Assorted Antiques.
  9576 | D:7      | Found an iron altar of Okawaru.
 10153 | D:7      | Reached skill level 11 in Conjurations
 10282 | D:7      | Found a glowing silver altar of Zin.
 10558 | D:7      | Reached ** piety under Vehumet
 10579 | D:7      | Noticed an oklob plant
 10580 | D:7      | Offered knowledge of Scorch by Vehumet.
 10598 | D:7      | Reached XP level 10. HP: 53/53 MP: 20/22
 11392 | D:7      | Offered knowledge of Static Discharge by Vehumet.
 11459 | D:8      | Noticed a two-headed ogre
 11515 | D:8      | Identified the +0 helmet "Naetraxi" {rPois Regen+ Int+4
                  | Dex-5}
 12021 | D:8      | Found a white marble altar of Elyvilon.
 12364 | D:9      | Noticed a kobold demonologist
 12474 | D:9      | Found an ancient bone altar of Kikubaaqudgha.
 12670 | D:9      | Killed a kobold demonologist
 12671 | D:9      | Reached skill level 12 in Conjurations
 12754 | D:7      | Mangled by an orc warrior

Illustrated notes

Levels and vault maps discovered:
D:1:      giann_bridges, layout_basic, serial_rivers,
          chequers_serial_rivers_small_3, chequers_serial_rivers_marsh,
          chequers_serial_rivers_small_a, chequers_serial_rivers_small_b,
          chequers_serial_rivers_large_b, chequers_serial_rivers_small_3
D:2:      layout_loops_ring, basic_altar
D:3:      minmay_razor_zed, layout_basic, gup_sewer_entry_bubbles
D:4:      minmay_chambers_of_fours, layout_rooms, nicolae_ru_path_of_blood,
          nicolae_yredelemnul_corpse_copse,
          minmay_temple_entry_statues_fountains
D:5:      layout_loops_corners, led_sif_book, minmay_chambers_of_fives,
          uniq_grinder
D:6:      layout_loops_ring, minmay_strange_pillars, grunt_ministairs_3
D:7:      lemuel_slime, layout_loops_ring, zin_statuary, amcnicky_altar_gilded,
          mainiacjoe_overflow_divided_tiny, serial_shops, shop
D:8:      layout_rooms, nicolae_elyvilon_temple_path,
          chequers_serial_rivers_micro_a
D:9:      layout_big_octagon, mainiacjoe_overflow_catwalk, erik_lair_island,
          orc_0_dummy, minmay_lizard_king
Temple:   nicolae_temple_x_marks_the_god

Skill      XL: |  1  2  3  4  5  6  7  8  9 10 |
---------------+-------------------------------+-----
Conjurations   | 5 6 7 9 11 12 | 12.1
Spellcasting   | 3 4 5 7 8 9 |  9.7
Dodging        | 2 |  2.0
Fighting       | 1 2 |  2.0
Armour         | 2 |  2.0
Stealth        | |  2.1

Action                   |  1- 3 |  4- 6 |  7- 9 | 10-12 || total
-------------------------+-------+-------+-------+-------++-------
Melee: Unarmed           |     7 |    18 |       |       ||    25
       Dagger            |       |    20 |       |       ||    20
       Short sword       |       |    30 |    72 |       ||   102
       Flail             |       |       |    20 |    55 ||    75
 Cast: Magic Dart        |    71 |   151 |    85 |       ||   307
       Searing Ray       |     2 |     9 |    50 |    28 ||    89
Armor: Robe              |     8 |    35 |    99 |   106 ||   248
Dodge: Dodged            |    23 |    65 |   143 |   109 ||   340

Table legend: (Time is in decaauts)
 A = Elapsed time spent in this place.
 B = Non-inter-level travel time spent in this place.
 C = Inter-level travel time spent in this place.
 D = Time resting spent in this place.
 E = Time spent auto-exploring this place.
 F = Levels seen in this place.
 G = Mean time per level.
                   A        B        C        D        E       F      G
               +--------+--------+--------+--------+--------+-----+--------+
         Total |  12860 |  12190 |    670 |    878 |   9105 |  11 | 1169.1 |
       Dungeon |  11169 |  10517 |    652 |    617 |   7964 |   9 | 1241.0 |
        Temple |     68 |     50 |     18 |      0 |     44 |   1 |   68.0 |
         Sewer |   1622 |   1622 |      0 |    261 |   1097 |   1 | 1622.0 |
               +--------+--------+--------+--------+--------+-----+--------+

Top non-repeatable levels by time:
     D:7: 2065 daAuts
     D:5: 1835 daAuts
   Sewer: 1622 daAuts
     D:1: 1549 daAuts
     D:3: 1341 daAuts
     D:2: 1175 daAuts
     D:8: 1081 daAuts
     D:6: 974 daAuts
     D:4: 957 daAuts
     D:9: 188 daAuts
  Temple: 68 daAuts
